 Dungeon Crawl Stone Soup version 0.20-a0-641-g673355a (webtiles) character file.

116519 Klosterheim the Fencer (level 17, -2/133 HPs)
             Began as a Formicid Fighter on Feb 13, 2017.
             Was the Champion of Makhleb.
             Slain by an orange demon (3 damage)
             ... summoned by an orc sorcerer
             ... on level 2 of the Orcish Mines.
             The game lasted 01:11:30 (28379 turns).

Klosterheim the Fencer (Formicid Fighter)          Turns: 28379, Time: 01:11:30

Health: -2/133     AC: 20    Str: 34 (35) XL:     17   Next: 26%
Magic:  25/25      EV:  8    Int:  0 (3)  God:    Makhleb [******]
Gold:   1714       SH: 16    Dex:  7 (10) Spells: 16/16 levels left

rFire    . . .     SeeInvis +   b - +6 great sword (holy)
rCold    + . .     Gourm    .   u - +0 plate armour
rNeg     . . .     Faith    .   d - +2 shield
rPois    .         Spirit   .   (helmet unavailable)
rElec    .         Reflect  .   o - +0 cloak
rCorr    .         Harm     .   y - +0 pair of gloves
MR       ++...                  s - +0 pair of boots
Stlth    ..........             (no amulet)
Regen    0.4/turn               V - ring of Qekos {Ice MR+ Str+7 Int-5 SInv}
MPRegen  0.2/turn               X - ring of protection from fire

@: lethally poisoned (-2 -> -5), slowed, lost intelligence, drained, very slow
A: permanent stasis, dig shafts and tunnels, four strong arms, antennae 3
a: Dig, Shaft Self, Minor Destruction, Lesser Servant of Makhleb, Major
Destruction, Greater Servant of Makhleb, Renounce Religion


You were on level 2 of the Orcish Mines.
You worshipped Makhleb.
Makhleb was exalted by your worship.
You were not hungry.

You visited 4 branches of the dungeon, and saw 24 of its levels.
You visited the Abyss 1 time.
You also visited: Volcano.

You collected 2388 gold pieces.
You spent 674 gold pieces at shops.

Inventory:

Hand Weapons
 a - a +1 great sword of flaming
 b - a +6 great sword of holy wrath (weapon)
Armour
 d - a +2 shield (worn)
 o - a +0 cloak (worn)
 s - a +0 pair of boots (worn)
 u - a +0 plate armour (worn)
 y - a +0 pair of gloves (worn)
 C - a +1 plate armour of fire resistance
Jewellery
 V - the ring of Qekos (right hand) {Ice MR+ Str+7 Int-5 SInv}
   (You found it on level 6 of the Lair of Beasts)

   [ring of ice]

   It enhances your ice magic.
   It affects your strength (+7).
   It affects your intelligence (-5).
   It makes you vulnerable to fire.
   It protects you from cold.
   It affects your resistance to hostile enchantments.
   It lets you see invisible.
 X - a ring of protection from fire (left hand)
Wands
 I - a wand of polymorph (13/24)
 K - a wand of digging (4/24)
 Y - a wand of iceblast (6/15)
 Z - a wand of disintegration (5/24)
Scrolls
 i - 2 scrolls of amnesia
 n - 11 scrolls of remove curse
 w - a scroll of recharging {unknown}
 D - 2 scrolls of fog
 F - a scroll of magic mapping
 H - 2 scrolls of enchant weapon {unknown}
 O - 11 scrolls of identify
 T - a scroll of enchant armour {unknown}
Potions
 e - 3 potions of haste
 g - 8 potions of curing
 j - 3 potions of cancellation
 p - 4 potions of resistance
 t - 3 potions of magic
 v - a potion of mutation
 A - 5 potions of flight
 B - a potion of berserk rage {unknown}
 J - 3 potions of degeneration
 P - 2 potions of brilliance {unknown}
 Q - 4 potions of lignification {unknown}
 R - 4 potions of ambrosia {unknown}
Books
 c - a book of Conjurations

   Spells                             Type                      Level
   a - Magic Dart                     Conjuration                  1
   b - Searing Ray                    Conjuration                  2
   c - Dazzling Spray                 Conjuration/Hexes            3
   d - Fulminant Prism                Conjuration/Hexes            4
   e - Force Lance                    Conjuration/Translocation    4
   f - Iskenderun's Mystic Blast      Conjuration                  4
 h - a book of Cantrips

   Spells                             Type                      Level
   a - Confusing Touch                Hexes                        1
   b - Animate Skeleton               Necromancy                   1
   c - Summon Small Mammal            Summoning                    1
   d - Apportation                    Translocation                1
 r - a book of Misfortune

   Spells                             Type                      Level
   a - Confusing Touch                Hexes                        1
   b - Confuse                        Hexes                        3
   c - Gell's Gravitas                Hexes/Translocation          3
   d - Petrify                        Transmutation/Earth          4
   e - Metabolic Englaciation         Hexes/Ice                    5
   f - Yara's Violent Unravelling     Hexes/Transmutation          5
 z - a book of Callings

   Spells                             Type                      Level
   a - Summon Small Mammal            Summoning                    1
   b - Call Imp                       Summoning                    2
   c - Call Canine Familiar           Summoning                    3
   d - Summon Guardian Golem          Hexes/Summoning              3
   e - Summon Lightning Spire         Summoning/Air                4
   f - Summon Ice Beast               Ice/Summoning                4
 G - a book of the Tempests

   Spells                             Type                      Level
   a - Static Discharge               Conjuration/Air              3
   b - Lightning Bolt                 Conjuration/Air              5
   c - Ignition                       Fire                         8
   d - Tornado                        Air                          9
   e - Shatter                        Earth                        9
Miscellaneous
 l - a sack of spiders
 U - a lamp of fire
Comestibles
 f - 6 bread rations
 k - 9 royal jellies
 m - 4 fruits
 q - 30 chunks of flesh
 x - 12 meat rations


   Skills:
 - Level 12.1(10.7) Fighting
 + Level 17.2(15.6) Long Blades
 - Level 14.0(12.5) Armour
 + Level 13.9(12.5) Shields
 * Level 11.0(9.7) Invocations


You had 16 spell levels left.
You didn't know any spells.

Dungeon Overview and Level Annotations

Branches:
Dungeon (15/15)            Temple (1/1) D:4            Lair (6/6) D:8
 Shoals (0/4) Lair:3       Spider (0/4) Lair:2        Slime (0/5) Lair:5
    Orc (2/2) D:11            Elf (0/3) Orc:2        Vaults (0/5) D:14
 Depths: D:15

Altars:
Ashenzari
Cheibriados
Dithmenos
Elyvilon
Fedhas
Gozag
Hepliaklqana
Kikubaaqudgha
Makhleb
Nemelex Xobeh
Okawaru
Qazlal
Ru
Sif Muna
Trog
Uskayaw
Vehumet
Xom
Yredelemnul
Zin
The Shining One
Beogh

Shops:
D:6 :   D:7 *   D:8 [?:=?   D:12 !   D:14 *   Orc:2 *[[%

Portals:
Hell: Lair:6

Annotations:
D:15 Sonja
Lair:1 exclusion: 3 oklob plants


Innate Abilities, Weirdness & Mutations

You cannot be hasted, slowed, berserked, paralysed or teleported.
You can dig through walls and to a lower floor.
Your four strong arms can wield two-handed weapons with a shield.
You have a pair of large antennae on your head. (SInv)


Message History

The orange demon hits you but does no damage.
The sixfirhy hits you!
* * * LOW HITPOINT WARNING * * *
The sixfirhy shocks you!
* * * LOW HITPOINT WARNING * * *
You can move again.
Unknown command.
You can't shaft yourself on this level.
Your magical effects are unravelling.
You feel magically purged.
Your attacks no longer feel as feeble.
You feel sick. You block the sixfirhy's attack.
The sixfirhy hits you but does no damage.
You block the sixfirhy's attack.
The sixfirhy hits you but does no damage.
The soul eater draws from the surrounding life force!
* * * LOW HITPOINT WARNING * * *
The warg closely misses you. You block the orc sorcerer's attack.
The orange demon stings you.
You die...

{ .... ... .. ######.{#
#.# #.# #∩...#..# #.#
#.# #....#..###.###.####
#. ....#..............
....###)##..........###.
.......).....8...8..# #.
...###h##.......÷..# #.
#.4@3#..###)###)###.
#.3o.#..#.....#.....
#....#..#.....#.###.
#∩...#..#.._..#.# #.
######..#######.###.
.................
.................
##.#.#.......#....
.................


You could see a soul eater, an orange demon, a sixfirhy, a warg and an orc
sorcerer.

Vanquished Creatures
  Agnes (D:15)
  An orc warlord (Orc:1)
  Azrael (Orc:2)
  The ghost of GameOver the Covert, a journeyman NaWz of Cheibriados (Volcano)
  The ghost of Graouh the Basher, a journeyman MiFi of Okawaru (D:13)
  A yaktaur captain (D:14)
  Fannar (D:12)
  2 catoblepae
  10 hydras
  Harold (D:11)
  A centaur warrior (D:14)
  10 two-headed ogres
  2 tengu warriors
  15 death yaks
  A hell knight (Volcano)
  The ghost of Klosterheim the Cleaver, a novice NaFi of Cheibriados (D:8)
  Urug (D:13)
  A sixfirhy (Lair:6)
  10 ugly things
  A wolf spider zombie (D:12)
  2 manticores
  A wolf spider (D:12)
  4 orc sorcerers
  A cyclops (D:14)
  12 elephants
  2 black mambas
  A gargoyle (D:11)
  2 smoke demons
  2 orange demons (Lair:6)
  6 spiny frogs
  A torpor snail (Lair:6)
  4 rime drakes
  A kobold demonologist (D:11)
  A yaktaur (D:14)
  7 komodo dragons
  2 ice devils (Lair:6)
  2 red devils
  6 trolls
  A polar bear (Lair:5)
  2 hornets
  5 slime creatures
  11 blink frogs
  4 dream sheep
  11 hippogriffs
  A shadow (D:14)
  A wyvern (D:8)
  Sigmund (D:5)
  42 yaks
  2 hungry ghosts
  2 fire elementals (Orc:2)
  A basilisk (D:14)
  9 wargs
  2 acid dragons
  10 hell hounds
  A soldier ant (D:8)
  16 water moccasins
  7 porcupines
  4 ice beasts
  16 orc warriors
  An eye of draining (D:14)
  A phantom (D:10)
  4 sky beasts
  A black bear (D:6)
  6 wolves (Lair:6)
  2 boggarts (D:14)
  12 ogres
  6 centaurs
  12 crocodiles
  A big kobold (D:10)
  13 bullfrogs
  6 scorpions
  5 wights (D:13)
  5 howler monkeys
  3 crimson imps
  4 centaur zombies
  2 bullfrog zombies
  4 bullfrog skeletons
  A centaur skeleton (D:8)
  11 orc priests
  8 hounds
  11 jellies
  35 orc wizards
  Jessica (D:3)
  Natasha (thrice) (D:3)
  4 iguanas
  15 worker ants
  Robin (D:2)
  7 gnolls
  9 adders
  3 shadow imps
  12 white imps (Lair:3)
  4 oozes
  An adder skeleton (D:5)
  An adder zombie (D:6)
  4 worms
  A dart slug (D:1)
  5 leopard geckos
  74 orcs
  4 ball pythons
  2 bats (D:3)
  3 giant cockroaches
  13 goblins
  15 hobgoblins
  18 jackals
  A quokka (D:2)
  A ball python zombie (D:6)
  A frilled lizard (D:3)
  20 kobolds
  2 rats
648 creatures vanquished.

Vanquished Creatures (collateral kills)
  A dire elephant (Lair:6)
  3 hydras
  A death yak (Lair:5)
  A wizard (Lair:6)
  An ugly thing (D:11)
  An elephant (Lair:5)
  A spiny frog (Lair:1)
  A komodo dragon (Lair:6)
  6 blink frogs
  A hell hound (Orc:2)
  3 boggarts (D:14)
  2 crocodiles
  A wyvern zombie (D:14)
  An adder (D:12)
  A fungus (Lair:5)
25 creatures vanquished.

Vanquished Creatures (others)
  A crimson imp (D:12)
  2 orc wizards (Orc:2)
  An orc (D:6)
  3 bushes (D:14)
  13 fungi
  8 plants
28 creatures vanquished.

Grand Total: 701 creatures vanquished

Notes
Turn   | Place    | Note
-------+----------+-------------------------------------------
     0 | D:1      | Klosterheim the Formicid Fighter began the quest for the Orb.
     0 | D:1      | Reached XP level 1. HP: 18/18 MP: 1/1
   169 | D:1      | Reached XP level 2. HP: 16/24 MP: 2/2
   278 | D:1      | Reached skill level 3 in Long Blades
   346 | D:1      | Reached XP level 3. HP: 23/29 MP: 3/3
   919 | D:2      | Noticed Robin
   942 | D:2      | Killed Robin
   942 | D:2      | Reached skill level 4 in Long Blades
   942 | D:2      | Reached XP level 4. HP: 16/35 MP: 4/4
  1789 | D:3      | Reached XP level 5. HP: 41/41 MP: 5/5
  1814 | D:3      | Reached skill level 5 in Long Blades
  1873 | D:3      | Noticed Jessica
  1881 | D:3      | Killed Jessica
  1978 | D:3      | Noticed Natasha
  1986 | D:3      | Killed Natasha
  1986 | D:3      | Reached XP level 6. HP: 29/47 MP: 6/6
  2157 | D:3      | Noticed Natasha
  2174 | D:3      | Killed Natasha
  2174 | D:3      | Reached skill level 6 in Long Blades
  2466 | D:3      | Noticed Natasha
  2480 | D:3      | Killed Natasha
  2795 | D:4      | Reached XP level 7. HP: 51/52 MP: 7/7
  2843 | D:4      | Reached skill level 7 in Long Blades
  2872 | D:4      | Found a staircase to the Ecumenical Temple.
  2897 | Temple   | Entered the Ecumenical Temple
  2905 | Temple   | Became a worshipper of Makhleb the Destroyer
  3044 | D:4      | Found a shattered altar of Ashenzari.
  3058 | D:4      | Found a blossoming altar of Fedhas.
  3109 | D:4      | You fall through a shaft for 3 floors!
  3360 | D:6      | Reached skill level 8 in Long Blades
  3379 | D:6      | Reached XP level 8. HP: 8/58 MP: 8/8
  3788 | D:6      | Reached skill level 9 in Long Blades
  4508 | D:6      | Found Sixurooxay's Book Shop.
  4546 | D:6      | Reached * piety under Makhleb
  4602 | D:6      | Reached skill level 10 in Long Blades
  4683 | D:5      | Entered Level 5 of the Dungeon
  4697 | D:6      | Reached XP level 9. HP: 52/64 MP: 9/9
  4846 | D:4      | Reached skill level 1 in Invocations
  4918 | D:4      | Found a blossoming altar of Fedhas.
  5043 | D:4      | Found a deep blue altar of Sif Muna.
  5145 | D:4      | Got an ancient trident
  5147 | D:4      | Identified the cursed +0 trident of the Girdle {pain, rC+ Int+5} (You found it on level 4 of the Dungeon)
  5444 | D:5      | Noticed Sigmund
  5454 | D:5      | Killed Sigmund
  5563 | D:5      | Reached skill level 5 in Fighting
  5563 | D:5      | Reached skill level 11 in Long Blades
  5941 | D:5      | Reached ** piety under Makhleb
  5972 | D:5      | Found a white marble altar of Elyvilon.
  6939 | D:7      | Reached skill level 5 in Invocations
  6939 | D:7      | Reached XP level 10. HP: 68/76 MP: 13/13
  6949 | D:7      | Found Ympoef's Assorted Antiques.
  7387 | D:8      | Found Mathrot's Magic Scroll Emporium.
  7589 | D:8      | Noticed a two-headed ogre
  7697 | D:8      | Found Iheow's Magic Scroll Shoppe.
  7702 | D:8      | Found Quupto's Book Shoppe.
  7702 | D:8      | Noticed a two-headed ogre
  7707 | D:8      | Killed a two-headed ogre
  7707 | D:8      | Reached skill level 12 in Long Blades
  7748 | D:8      | Found Piejaguth's Jewellery Emporium.
  7782 | D:8      | Found Hoop Voa's Armour Shop.
  7886 | D:8      | Killed a two-headed ogre
  8014 | D:8      | Noticed Klosterheim's ghost (novice NaFi)
  8058 | D:8      | Killed Klosterheim's ghost
  8058 | D:8      | Reached skill level 5 in Armour
  8058 | D:8      | Reached XP level 11. HP: 86/86 MP: 14/16
  8121 | D:8      | Found a staircase to the Lair.
  8536 | D:9      | Noticed a two-headed ogre
  8552 | D:9      | Killed a two-headed ogre
  9338 | D:9      | You fall through a shaft!
  9338 | D:10     | Entered Level 10 of the Dungeon
  9709 | D:10     | Reached *** piety under Makhleb
  9824 | D:10     | Noticed a two-headed ogre
  9833 | D:10     | Killed a two-headed ogre
 10021 | D:9      | HP: 4/86 [guardian serpent/bolt of poison (22)]
 10027 | D:9      | You fall through a shaft for 3 floors!
 10027 | D:12     | Noticed a brown ugly thing
 10043 | D:12     | HP: 4/86 [adder (3)]
 10070 | D:13     | Noticed Urug
 10335 | D:14     | Noticed a cyclops
 10347 | D:14     | Killed a cyclops
 10625 | D:14     | Noticed a cyan ugly thing
 10625 | D:14     | Noticed a cyan ugly thing
 10626 | D:14     | Noticed a cyan ugly thing
 10626 | D:14     | Noticed a cyan ugly thing
 10626 | D:14     | Noticed a cyan ugly thing
 10627 | D:14     | Noticed a cyan ugly thing
 10635 | D:13     | Noticed a tengu warrior
 10635 | D:13     | Noticed a two-headed ogre
 10638 | D:13     | Noticed a two-headed ogre
 10674 | D:12     | Killed a tengu warrior
 11682 | D:10     | Reached XP level 12. HP: 92/92 MP: 19/19
 11689 | D:10     | Reached skill level 13 in Long Blades
 12146 | Lair:1   | Entered Level 1 of the Lair of Beasts
 12787 | Lair:1   | Noticed a seven-headed hydra
 12797 | Lair:1   | Killed a five-headed hydra
 12805 | Lair:1   | Reached skill level 14 in Long Blades
 13832 | Lair:2   | Reached skill level 5 in Shields
 13850 | Lair:2   | Noticed an eight-headed hydra
 13863 | Lair:2   | Killed a two-headed hydra
 14063 | Lair:2   | Found a hole to the Spider Nest.
 14821 | Lair:3   | Found a staircase to the Shoals.
 15011 | Lair:3   | Found a frozen archway.
 15053 | Lair:3   | Reached **** piety under Makhleb
 15656 | Lair:4   | Noticed a four-headed hydra
 15669 | Lair:4   | Killed a one-headed hydra
 15683 | Lair:4   | Reached XP level 13. HP: 98/98 MP: 20/20
 15722 | Lair:4   | Reached skill level 10 in Shields
 16941 | Lair:5   | Noticed a six-headed hydra
 16969 | Lair:5   | Killed a one-headed hydra
 18380 | Lair:5   | Found a staircase to the Slime Pits.
 18386 | Lair:5   | Reached ***** piety under Makhleb
 18670 | Lair:6   | Entered Level 6 of the Lair of Beasts
 19050 | Lair:6   | Noticed a seven-headed hydra
 19051 | Lair:6   | Noticed a catoblepas
 19072 | Lair:5   | Killed a one-headed hydra
 19081 | Lair:5   | Reached XP level 14. HP: 73/108 MP: 21/21
 19679 | Lair:5   | Reached skill level 10 in Armour
 20005 | Lair:5   | Reached skill level 10 in Fighting
 20097 | Lair:6   | Reached skill level 15 in Long Blades
 21285 | Lair:6   | Noticed a dire elephant
 21369 | Lair:6   | Killed a dire elephant
 21665 | Lair:6   | Reached XP level 15. HP: 112/116 MP: 22/22
 21962 | Lair:6   | Cast into level 2 of the Abyss (a wizard)
 21991 | Lair:6   | Escaped the Abyss
 22043 | Lair:6   | Found a burning altar of Makhleb.
 22212 | Lair:6   | Reached skill level 16 in Long Blades
 22231 | Lair:6   | Found a gateway to Hell.
 22239 | Lair:6   | Got a fine lead ring
 22249 | Lair:6   | Identified the ring of Qekos {Ice MR+ Str+7 Int-5 SInv} (You found it on level 6 of the Lair of Beasts)
 22697 | D:11     | Noticed Harold
 22733 | D:11     | Killed Harold
 22796 | D:11     | Found a staircase to the Orcish Mines.
 23656 | D:12     | Found Hewn's Distillery.
 23664 | D:12     | Bought a potion of experience for 650 gold pieces
 23664 | D:12     | Reached XP level 16. HP: 127/127 MP: 23/23
 23861 | D:12     | Noticed Fannar
 23882 | D:12     | Killed Fannar
 24636 | D:13     | Noticed Graouh's ghost (journeyman MiFi)
 24659 | D:13     | Killed Graouh's ghost
 24705 | D:13     | Killed Urug
 24913 | D:13     | Found a shimmering altar of Xom.
 25085 | D:14     | Found Ysyu's Assorted Antiques.
 25094 | D:14     | Bought a scroll labeled IZIFEJ DOTEA for 24 gold pieces
 25097 | D:14     | Got a shimmering large shield
 25112 | D:14     | Identified the -2 large shield of Indemnity {Int+4} (You acquired it on level 14 of the Dungeon)
 25867 | D:14     | Found a gate to the Vaults.
 25984 | D:15     | Entered Level 15 of the Dungeon
 26006 | D:15     | Noticed Agnes
 26033 | D:15     | Killed Agnes
 26033 | D:15     | Reached skill level 10 in Invocations
 26262 | D:15     | Noticed Sonja
 26538 | Orc:1    | Entered Level 1 of the Orcish Mines
 26565 | Orc:1    | Found a dark tunnel.
 26572 | Volcano  | Entered a volcano
 26654 | Volcano  | Noticed GameOver's ghost (journeyman NaWz)
 26693 | Volcano  | Killed GameOver's ghost
 26693 | Volcano  | Reached skill level 17 in Long Blades
 26801 | Volcano  | Reached XP level 17. HP: 133/133 MP: 24/24
 27350 | Orc:1    | Found a roughly hewn altar of Beogh.
 27662 | Orc:2    | Entered Level 2 of the Orcish Mines
 27831 | Orc:2    | Reached ****** piety under Makhleb
 27840 | Orc:2    | Noticed Azrael
 27861 | Orc:2    | Killed Azrael
 28137 | Orc:2    | Found a staircase to the Elven Halls.
 28191 | Orc:2    | Found Vuuduh's Armour Shoppe.
 28205 | Orc:2    | Found Cuakirre's Food Boutique.
 28336 | Orc:2    | Found a roughly hewn altar of Beogh.
 28354 | Orc:2    | Found Ygromeg's Assorted Antiques.
 28354 | Orc:2    | Found Tuymnusk's Armour Boutique.
 28376 | Orc:2    | Lost intelligence.
 28379 | Orc:2    | HP: 1/133 [soul eater/drain life[an orc sorcerer] (8)]
 28379 | Orc:2    | Slain by an orange demon

Vault maps used:
D:1:      evilmike_arrival_rings, serial_bayou, serial_bayou_crossing,
          serial_bayou_shore_a, serial_bayou_pond_a, serial_bayou_lagoon_a,
          serial_bayou_pond_c
D:2:      first_bread, uniq_robin
D:3:      minmay_misc_feat_nine_boxes, uniq_jessica, uniq_natasha
D:4:      kennysheep_big_flooded_room,
          chequers_temple_overflow_statue_of_worship, lemuel_blue_sif_altar,
          temple_fountains, fedhas_altar_2
D:5:      elyvilon_altar_3, uniq_sigmund
D:6:      serial_shops, shop, serial_bayou_ford_a
D:7:      enter_ossuary_5, serial_shops,
          nicolae_shop_temple_entry_statues_fountains
D:8:      erik_lair_orcish_takeover, serial_shops, kennysheep_little_box, shop,
          nicolae_shop_behind_doors, shop, shop
D:9:      nrook_guardian_serpent_snake_passage, okawaru_gym_becter
D:11:     minmay_orc_entry_guard_dogs, serial_corexii_hall,
          corexii_hall_statues_u, corexii_hall_statues_l, uniq_harold
D:12:     serial_shops, shop, uniq_fannar
D:13:     basic_altar, uniq_urug
D:14:     david_vaults_2, minmay_misc_feat_chi, serial_park, serial_park_tiny_1,
          serial_park_gazebo, serial_park_square3, serial_shops,
          nicolae_shop_trees
D:15:     hangedman_depths_entry_civil_slaughter, basic_altar,
          serial_bayou_pond_e, uniq_agnes, uniq_sonja
Temple:   nicolae_temple_no_exploring_needed
Lair:1:   minmay_lair_oklob_chamber, grunt_megastairs_4, serial_bayou_shore_b
Lair:2:   nicolae_spider_entry_non_spiders, grunt_megastairs_3
Lair:3:   minmay_shoals_entry_beasts, portal_ice_cave_entry_imps
Lair:5:   nicolae_slime_entry_slimehenge
Lair:6:   evil_forest, grunt_megastairs_5
Orc:1:    basic_altar, lightli_volcano_entry_magma_tube
Orc:2:    st_orc_town, uniq_azrael
Abyss:2:  bh_abyss_negative
Volcano:  volcano_pools

Skill      XL: |  1  2  3  4  5  6  7  8  9 10 11 12 13 14 15 16 17 |
---------------+----------------------------------------------------+-----
Long Blades    | 3 4 5 6 8 10 11 12 14 15 16 17 | 17.2
Invocations    | 5 7 9 10 11 | 11.0
Fighting       | 6 8 9 10 12 | 12.1
Armour         | 5 8 9 11 12 13 14 | 14.0
Shields        | 9 12 13 | 13.9

Action                   |  1- 3 |  4- 6 |  7- 9 | 10-12 | 13-15 | 16-18 || total
-------------------------+-------+-------+-------+-------+-------+-------++-------
Melee: Long sword        |    79 |   139 |       |       |       |       ||   218
       Falchion          |       |    98 |   397 |   752 |   186 |     3 ||  1436
       Great sword       |       |       |       |       |   715 |   522 ||  1237
Invok: Minor Destruction |       |       |       |   158 |    70 |    32 ||   260
       Lesser Servant of |       |       |       |     7 |     8 |     7 ||    22
       Major Destruction |       |       |       |       |     3 |     4 ||     7
       Greater Servant o |       |       |       |       |       |     3 ||     3
 Abil: Dig               |     1 |       |    18 |     8 |     4 |     6 ||    37
       Shaft Self        |       |       |     1 |     2 |       |       ||     3
Evoke: Wand              |       |       |       |       |     5 |       ||     5
  Use: Scroll            |       |       |     7 |    14 |     2 |     2 ||    25
       Potion            |       |       |     2 |     9 |     2 |     8 ||    21
 Stab: Petrified         |       |       |       |       |     2 |     3 ||     5
       Petrifying        |       |       |       |       |     2 |       ||     2
       Distracted        |       |       |       |       |       |     3 ||     3
  Eat: Chunk             |       |     7 |    13 |    23 |    31 |    13 ||    87
       Bread ration      |       |       |     2 |     1 |       |       ||     3
       Fruit             |       |       |       |       |       |     4 ||     4
Armor: Scale mail        |    32 |    28 |       |       |       |       ||    60
       Plate armour      |       |    62 |   153 |   298 |   336 |   202 ||  1051
Dodge: Dodged            |    31 |    43 |    50 |   106 |   150 |    89 ||   469
Block: Shield            |    33 |   111 |   123 |   319 |   587 |   334 ||  1507
       Rpst.: Long sword |    12 |    12 |       |       |       |       ||    24
       Falchion          |       |     7 |    17 |    32 |     6 |       ||    62
       Great sword       |       |       |       |       |    28 |    17 ||    45
